 Dungeon Crawl Stone Soup version 0.21.1-1-g345015f (webtiles) character file.

6488 inc the Nimble (level 10, 0/42 HPs)
             Began as a Felid Monk on Mar 14, 2018.
             Was a High Priest of Cheibriados.
             Slain by an unseen horror (3 damage)
             ... on level 11 of the Dungeon.
             The game lasted 00:20:08 (12152 turns).

inc the Nimble (Felid Monk)                        Turns: 12152, Time: 00:20:09

Health: 0/42       AC:  2    Str: 19    XL:     10   Next: 68%
Magic:  19/19      EV: 36    Int: 31    God:    Cheibriados [*****.]
Gold:   758        SH:  0    Dex: 31    Spells: 9/9 levels left
                                        Lives:  0   Deaths: 3

rFire    . . .     SeeInvis +     - Unarmed
rCold    . . .     Gourm    .   (shield unavailable)
rNeg     . . .     Faith    .   (armour unavailable)
rPois    .         Spirit   .   (helmet unavailable)
rElec    .         Reflect  .   (cloak unavailable)
rCorr    .         Harm     .   (gloves unavailable)
MR       +....                  (boots unavailable)
Stlth    ++........             (no amulet)
HPRegen  0.14/turn              B - ring of loudness (curse)
MPRegen  0.16/turn              v - +4 ring of intelligence

@: flying, very slow
A: very small, no armour, no weapons or thrown items, stealth, claws 1, fangs 3,
see invisible, carnivore, speed 1, shaggy fur 2, slow metabolism 1, sharp paws
a: Bend Time, Temporal Distortion, Slouch, Step From Time, Renounce Religion


You were on level 11 of the Dungeon.
You worshipped Cheibriados.
Cheibriados was extremely pleased with you.
You were completely stuffed.

You visited 1 branch of the dungeon, and saw 11 of its levels.
You visited 1 bazaar.

You collected 758 gold pieces.

Inventory:

Jewellery
 b - an uncursed ring of positive energy
 f - a +2 ring of dexterity
 k - an uncursed ring of see invisible
 v - a +4 ring of intelligence (right paw)
 B - a cursed ring of loudness (left paw)
Wands
 g - a wand of enslavement (10)
 q - a wand of disintegration (5)
 s - a wand of flame (40)
 t - a wand of iceblast (7)
 y - a wand of digging (31)
Scrolls
 d - 3 scrolls of identify
 e - 2 scrolls of immolation
 i - 4 scrolls of remove curse
 j - 3 scrolls of blinking
 l - 5 scrolls of teleportation
 n - a scroll of summoning
 o - 4 scrolls of enchant armour
 p - 4 scrolls of amnesia
 x - a scroll of fog
 A - a scroll of noise
 F - a scroll of random uselessness
Potions
 c - 3 potions of resistance
 h - 5 potions of degeneration
 m - 2 potions of agility
 r - 2 potions of berserk rage
 u - 2 potions of lignification
 w - a potion of haste
 z - 2 potions of brilliance
 D - a potion of ambrosia
 E - 2 potions of invisibility
 H - a potion of flight
Books
 C - a Young Poisoner's Handbook

   Spells                             Type                      Level
   a - Sting                          Conjuration/Poison           1
   b - Poisonous Vapours              Poison/Air                   2
   c - Mephitic Cloud                 Conjuration/Poison/Air       3
   d - Olgreb's Toxic Radiance        Poison                       4
   e - Venom Bolt                     Conjuration/Poison           5
Comestibles
 a - 26 rations


   Skills:
 - Level 3.0 Fighting
 + Level 14.9 Dodging
 - Level 2.6 Stealth
 - Level 8.0 Unarmed Combat
 - Level 11.6 Invocations


You had 9 spell levels left.
You didn't know any spells.

Dungeon Overview and Level Annotations

Branches:
Dungeon (11/15)            Temple (0/1) D:6            Lair (0/6) D:10
    Orc (0/2) D:9

Altars:
Ashenzari
Cheibriados
Elyvilon
Trog
Wu Jian
Xom
Yredelemnul

Shops:
D:8 }   D:10 }   D:11 ?*:

Annotations:
D:4 2 transporters


Innate Abilities, Weirdness & Mutations

You cannot wear armour.
You are incapable of wielding weapons or throwing items.
Your paws allow you to move quietly. (Stealth)
You have sharp claws.
You have razor-sharp teeth.
You have supernaturally acute eyesight. (SInv)
You are carnivorous and can eat meat at any time.
You cover ground quickly.
You are covered in thick fur. (AC +2)
You have a slow metabolism.
Your sharp claws are effective at attacking unaware monsters.


Message History

You scratch the unseen horror but do no damage.
You bite the unseen horror, but do no damage.
The unseen horror is heavily wounded.
The unseen horror completely misses you.
You claw the unseen horror! Your bite misses the unseen horror.
The unseen horror is almost dead.
The unseen horror hits you!
* * * LOW HITPOINT WARNING * * *
You barely miss the unseen horror.
The unseen horror is severely wounded.
The unseen horror misses you.
Okay, then.
The unseen horror misses you.
The unseen horror completely misses you.
The unseen horror completely misses you.
You scratch the unseen horror.
You bite the unseen horror, but do no damage.
The unseen horror is almost dead.
The unseen horror hits you.
You die...

#..................######.
#.........................
#......$..../.....########
**#.................#8,,,,,,
*...............(<..#,,,,,,,
*#####..............*,,,,,,,
#.............,*,,,,,,,
#.........#********+***
#.....@...#>,,,*,,,,*,,
#..$...x..#,,,,*,,,,*,,
########.........#,,,,*,,,,*,,
#................#,,,,+,,,,*,,
#................#**********,,
#................#,,,,+,,,,*,,
#................#,,,,*,,⌠,*,,
#....##+####.....#,,,,*,⌠,,*,,
#....+,,,,,#.....#>,,,*,,,,*,,


You could see an unseen horror (invisible).

Vanquished Creatures
  Harold (D:10)
  2 two-headed ogres (D:8)
  2 centaur zombies
  A komodo dragon (D:10)
  2 trolls (D:9)
  A hippogriff (D:11)
  A wyvern (D:11)
  4 yaks (D:11)
  Menkaure (D:7)
  Edmund (D:4)
  An acid dragon (D:9)
  2 water moccasins
  Duvessa (D:4)
  3 ice beasts
  2 orc warriors
  A sky beast (D:9)
  A hornet zombie (D:8)
  6 phantoms
  A black bear (D:8)
  10 ogres
  5 centaurs
  3 big kobolds
  6 bullfrogs
  5 gnoll sergeants (D:9)
  Dowan (D:4)
  4 scorpions
  10 killer bees
  8 wights
  4 howler monkeys
  5 crimson imps
  2 hounds
  4 orc priests
  2 bullfrog zombies
  2 jellies
  2 bullfrog skeletons
  10 orc wizards
  A centaur skeleton (D:10)
  2 iguanas (D:7)
  13 worker ants
  A hound zombie (D:9)
  A hound skeleton (D:4)
  A howler monkey zombie (D:10)
  A worker ant zombie (D:5)
  12 adders
  2 gnolls (D:9)
  A shadow imp (D:6)
  An ooze (D:4)
  An adder skeleton (D:8)
  An adder zombie (D:8)
  3 worms
  A dart slug (D:4)
  7 leopard geckos
  33 orcs
  4 giant cockroaches
  7 goblins
  4 hobgoblins (D:1)
  10 jackals
  5 quokkas
  11 bats
  A frilled lizard (D:1)
  13 kobolds
  12 rats
266 creatures vanquished.

Notes
Turn   | Place    | Note
-------+----------+-------------------------------------------
     0 | D:1      | inc the Felid Monk began the quest for the Orb.
     0 | D:1      | Reached XP level 1. HP: 10/10 MP: 2/2
   298 | D:1      | Reached XP level 2. HP: 12/14 MP: 3/3
  1021 | D:1      | Reached XP level 3. HP: 4/17 MP: 4/4
  1534 | D:2      | Found a snail-covered altar of Cheibriados.
  1896 | D:2      | Became a worshipper of Cheibriados the Contemplative
  1896 | D:2      | Reached * piety under Cheibriados
  1896 | D:2      | Reached ** piety under Cheibriados
  1931 | D:2      | You fall through a shaft!
  2035 | D:3      | Reached XP level 4. HP: 17/21 MP: 5/5
  2331 | D:2      | Reached skill level 5 in Unarmed Combat
  2374 | D:2      | Found a white marble altar of Elyvilon.
  2868 | D:3      | Found an ornate altar of the Wu Jian Council.
  2924 | D:4      | Noticed Edmund
  2955 | D:4      | Killed Edmund
  2955 | D:4      | Reached skill level 6 in Dodging
  2955 | D:4      | Reached XP level 5. HP: 15/24 MP: 0/6
  3079 | D:4      | Noticed an ogre
  3086 | D:4      | Killed an ogre
  3086 | D:4      | Reached skill level 7 in Dodging
  3086 | D:4      | Gained mutation: You are covered in thick fur. (AC +2) [Felid growth]
  3086 | D:4      | Reached XP level 6. HP: 28/28 MP: 7/7
  3158 | D:4      | Found a shimmering altar of Xom.
  3194 | D:4      | Reached skill level 8 in Dodging
  3365 | D:4      | Found a transporter.
  3367 | D:4      | Noticed an ice beast
  3367 | D:4      | Noticed an ice beast
  3367 | D:4      | Noticed an ice beast
  3616 | D:4      | Reached skill level 9 in Dodging
  3616 | D:4      | Reached XP level 7. HP: 28/31 MP: 8/8
  3640 | D:4      | Noticed Duvessa
  3641 | D:4      | Noticed Dowan
  3643 | D:4      | Killed Duvessa
  3654 | D:4      | Killed Dowan
  3654 | D:4      | Reached *** piety under Cheibriados
  3654 | D:4      | Reached skill level 10 in Dodging
  4054 | D:4      | Found a transporter.
  4457 | D:5      | Entered Level 5 of the Dungeon
  4505 | D:5      | Reached skill level 11 in Dodging
  4531 | D:5      | Reached XP level 8. HP: 14/34 MP: 9/9
  5433 | D:6      | Reached skill level 12 in Dodging
  5892 | D:6      | Reached **** piety under Cheibriados
  6445 | D:6      | Found a bloodstained altar of Trog.
  6607 | D:6      | Found a staircase to the Ecumenical Temple.
  6649 | D:6      | Slain by a wight
  6650 | D:6      | Reached XP level 7. HP: 0/31 MP: 8/8
  6829 | D:6      | HP: 1/31 [wight/spear (1)]
  6830 | D:6      | Reached XP level 8. HP: 1/34 MP: 9/9
  7443 | D:7      | Mangled by an orc warrior
  7444 | D:7      | Reached XP level 7. HP: -11/31 MP: 8/8
  7450 | D:7      | Reached skill level 1 in Invocations
  7566 | D:7      | Reached XP level 8. HP: 33/34 MP: 9/11
  7587 | D:7      | Reached ***** piety under Cheibriados
  7653 | D:7      | Reached skill level 5 in Invocations
  8115 | D:7      | Reached XP level 9. HP: 37/37 MP: 15/15
  8213 | D:7      | Noticed Menkaure
  8219 | D:7      | Killed Menkaure
  8452 | D:8      | Noticed a two-headed ogre
  8462 | D:8      | Killed a two-headed ogre
  8774 | D:8      | Found Qynt's Gadget Emporium.
  8805 | D:8      | Noticed a two-headed ogre
  8819 | D:8      | Killed a two-headed ogre
  9385 | D:9      | Reached XP level 10. HP: 42/42 MP: 18/18
  9491 | D:9      | Reached skill level 10 in Invocations
  9569 | D:9      | Found a staircase to the Orcish Mines.
  9598 | D:9      | Found a shattered altar of Ashenzari.
  9905 | D:9      | HP: 2/42 [troll (4)]
  9907 | D:9      | Slain by a troll
  9908 | D:9      | Reached XP level 9. HP: -5/37 MP: 18/18
  9946 | D:9      | Killed a troll
 10144 | D:9      | Found a basalt altar of Yredelemnul.
 10386 | D:10     | Entered Level 10 of the Dungeon
 10392 | D:10     | Found Puntet Xurr's Gadget Emporium.
 10519 | D:10     | Reached skill level 13 in Dodging
 10841 | D:10     | Reached XP level 10. HP: 34/42 MP: 19/19
 10979 | D:10     | Found a staircase to the Lair.
 11178 | D:10     | Noticed Harold
 11217 | D:10     | Killed Harold
 11217 | D:10     | Reached skill level 14 in Dodging
 11508 | D:11     | Found Muohoap's Book Shoppe.
 11583 | D:11     | Found a flickering gateway to a bazaar.
 11609 | D:11     | Found Weud's Magic Scroll Boutique.
 11818 | Bazaar   | Entered a bazaar
 11823 | Bazaar   | Found Miujahug's Antique Armour Shop.
 11855 | Bazaar   | Found Nampa's Gadget Shop.
 11988 | D:11     | Found Yrghoguf's General Store.
 12103 | D:11     | Noticed an unseen horror
 12142 | D:11     | HP: 1/42 [unseen horror (7)]
 12147 | D:11     | HP: 2/42 [unseen horror (10)]
 12152 | D:11     | Slain by an unseen horror

Skill      XL: |  1  2  3  4  5  6  7  8  9 10 |
---------------+-------------------------------+-----
Unarmed Combat | 4 5 7 8 |  8.0
Dodging        | 6 7 9 11 12 13 14 | 14.9
Invocations    | 3 6 9 11 | 11.6
Fighting       | |  3.0
Stealth        | |  2.6

Action                   |  1- 3 |  4- 6 |  7- 9 | 10-12 || total
-------------------------+-------+-------+-------+-------++-------
Melee: Unarmed           |   118 |    89 |   512 |   214 ||   933
       Bite              |    16 |    20 |    97 |    48 ||   181
       Punch             |       |     6 |    35 |    14 ||    55
Invok: Slouch            |       |       |     1 |     4 ||     5
  Use: Potion            |       |     4 |     7 |     4 ||    15
       Scroll            |       |       |       |    16 ||    16
 Stab: Sleeping          |    14 |     9 |    19 |     3 ||    45
       Distracted        |       |       |     6 |       ||     6
  Eat: Chunk             |     1 |    11 |     5 |     9 ||    26
Armor: Skin              |     6 |     3 |    14 |     2 ||    25
Dodge: Dodged            |   107 |    60 |   518 |   276 ||   961
